 Dungeon Crawl Stone Soup version 0.20-a0-1018-ge435b50 (webtiles) character file.

56 sighowe the Sneak (level 3, 0/18 HPs)
             Began as a Vine Stalker Assassin on Apr 16, 2017.
             Was an Initiate of Elyvilon.
             Succumbed to a kobold's poison
             ... on level 2 of the Dungeon.
             The game lasted 00:15:25 (1948 turns).

sighowe the Sneak (Vine Stalker Assassin)           Turns: 1948, Time: 00:15:26

Health: 0/18       AC:  5    Str: 13    XL:     3   Next: 97%
Magic:  3/4        EV: 11    Int: 17    God:    Elyvilon [......]
Gold:   58         SH:  0    Dex: 15    Spells: 2/2 levels left

rFire    . . .     SeeInvis .   a - +3 dagger
rCold    . . .     Gourm    .   (no shield)
rNeg     . . .     Faith    .   r - +0 leather armour
rPois    .         Spirit   +   (no helmet)
rElec    .         Reflect  .   d - +1 cloak
rCorr    .         Harm     .   (no gloves)
MR       .....                  (no boots)
Stlth    +++.......             i - amulet of rage
Regen    0.1/turn               (no ring)
MPRegen  0.1/turn               (no ring)

@: brilliant, lethally poisoned (0 -> -10)
A: fangs 2, magic shield, antimagic bite, no potion heal 3, rot immunity
a: Renounce Religion, Evoke Berserk Rage


You were on level 2 of the Dungeon.
You worshipped Elyvilon.
Elyvilon was noncommittal.
You were not hungry.

You visited 1 branch of the dungeon, and saw 2 of its levels.

You collected 58 gold pieces.

Inventory:

Hand Weapons
 a - a +3 dagger (weapon)
 b - a +0 blowgun
 h - a +0 trident
 l - a +0 whip
 p - a +0 club
 q - a +0 dagger
Missiles
 e - 6 poisoned needles
 f - a curare-tipped needle
 j - 4 needles of sleeping
 o - 32 arrows (quivered)
Armour
 c - a +0 robe
 d - a +1 cloak (worn)
 m - a +2 shield
 n - a +2 scale mail of poison resistance
 r - a +0 leather armour (worn)
Jewellery
 i - an amulet of rage (around neck)
Scrolls
 t - a scroll of identify
Potions
 k - a potion of might


   Skills:
 + Level 1.9 Fighting
 + Level 2.2 Short Blades
 + Level 1.9 Throwing
 + Level 0.2 Armour
 + Level 1.0 Dodging
 + Level 5.5 Stealth
 * Level 1.2 Shields
 + Level 0.1 Evocations


You had 2 spell levels left.
You didn't know any spells.

Dungeon Overview and Level Annotations

Branches:
Dungeon (2/15)

Altars:
Elyvilon
Zin
The Shining One


Innate Abilities, Weirdness & Mutations

You have extremely sharp teeth.
When hurt, damage is shared between your health and your magic reserves.
Your bite disrupts and absorbs the magic of your enemies.
Potions cannot restore your health.
You are immune to rotting.


Message History

There is a stone staircase leading down here.
The kobold throws a stone.
The stone closely misses you.
The kobold throws a stone.
The stone hits you but does no damage.
You see here a stone.
The kobold throws a stone.
The stone closely misses you.
The kobold throws a stone.
The stone hits you but does no damage.
You see here 2 stones.
You hit the kobold.
The kobold is heavily wounded.
The kobold hits you with a whip of venom.
* * * LOW HITPOINT WARNING * * *
You are lethally poisoned!
You hit the kobold.
You kill the kobold!
* * * LOW HITPOINT WARNING * * *
You feel sick.
Okay, then.
It was a potion of brilliance.
You feel clever all of a sudden.
You die...

....# .(..# ....# ###########
....# #..(......# ..(.######
#####....<....#
.........#####..(...(.>....###
?...##......##............##_#
....##.#.........)........#'.##
######.###......@.####.#)..'._#
####..........#..## #.#..#'.##
......#######.##.# #.#..##_#
####.)# #....#####.#...### .#
#.## ###......#.#...# ..##.#
##.###.......# #....#
#....##.#...# ..###
####..#.#...# .... ##...#...#


There were no monsters in sight!

Vanquished Creatures
  Terence (D:2)
  An adder (D:2)
  A leopard gecko (D:1)
  A giant cockroach (D:2)
  3 goblins
  7 hobgoblins
  4 kobolds
  A bat (D:2)
  A frilled lizard (D:1)
20 creatures vanquished.

Notes
Turn   | Place    | Note
-------+----------+-------------------------------------------
     0 | D:1      | sighowe the Vine Stalker Assassin began the quest for the Orb.
     0 | D:1      | Reached XP level 1. HP: 11/11 MP: 2/2
   242 | D:1      | Reached skill level 5 in Stealth
   323 | D:1      | Reached XP level 2. HP: 10/15 MP: 3/3
  1167 | D:2      | Found a white marble altar of Elyvilon.
  1167 | D:2      | Found a glowing silver altar of Zin.
  1167 | D:2      | Found a glowing golden altar of the Shining One.
  1203 | D:2      | Became a worshipper of Elyvilon the Healer
  1403 | D:2      | Reached skill level 1 in Dodging
  1403 | D:2      | Reached XP level 3. HP: 9/18 MP: 2/4
  1588 | D:2      | Noticed Terence
  1624 | D:2      | Elyvilon protects you from harm!
  1920 | D:2      | Killed Terence
  1920 | D:2      | Reached skill level 1 in Shields
  1948 | D:2      | Succumbed to a kobold's poison

Vault maps used:
D:1:      scummos_arrival_simple_fountains, serial_bayou_pond_c
D:2:      good_gods_mini_temple, yredelemnul_forgotten_temple_becter,
          chequers_ecumenical_altar_simple_redux, uniq_terence, uniq_natasha,
          uniq_sigmund, uniq_crazy_yiuf_cottage

Skill      XL: |  1  2  3 |
---------------+----------+-----
Short Blades   | 2 |  2.2
Stealth        | 5 |  5.5
Dodging        | 1 |  1.0
Shields        | 1 |  1.2
Fighting       | |  1.9
Throwing       | |  1.9
Armour         | |  0.2
Evocations     | |  0.1

Action                   || total
-------------------------++-------
Melee: Dagger            ||    64
       Bite              ||    15
 Fire: Blowgun           ||     5
 Abil: Evoke Berserk Rag ||     1
  Use: Potion            ||     6
       Scroll            ||     7
 Stab: Sleeping          ||     1
  Eat: Bread ration      ||     1
Armor: Robe              ||     5
       Leather armour    ||     9
Dodge: Dodged            ||    46
